 Dungeon Crawl Stone Soup version 0.19.5 (webtiles) character file.

27 strmesko the Vexing (level 2, 0/19 HPs)
             Began as a Mummy Enchanter on Apr 4, 2017.
             Slain by an adder (1 damage)
             ... on level 1 of the Dungeon.
             The game lasted 00:07:50 (1661 turns).

strmesko the Vexing (Mummy Enchanter)               Turns: 1661, Time: 00:07:50

Health: 0/19       AC:  3    Str: 11    XL:     2   Next: 93%
Magic:  0/5        EV: 12    Int: 14    God:
Gold:   69         SH:  0    Dex: 12    Spells: 2 memorised, 2 levels left

rFire  x . .     SeeInvis .     a - +1 dagger
rCold  + . .     Gourm    .     b - +1 robe
rNeg   + + +     Faith    .     (no shield)
rPois  ∞         Spirit   .     (no helmet)
rElec  .         Reflect  .     (no cloak)
rCorr  .         Harm     .     (no gloves)
MR     .....                    (no boots)
Stlth  ++........               (no amulet)
                                (no ring)
                                (no ring)

@: very slightly contaminated
A: no food or potions, fire vulnerability, cold resistance 1, negative energy
resistance 3, torment resistance, unbreathing
a: no special abilities


You were on level 1 of the Dungeon.
You were not hungry.

You visited 1 branch of the dungeon, and saw 2 of its levels.

You collected 69 gold pieces.

Inventory:

Hand Weapons
 a - a +1 dagger (weapon)
Missiles
 d - 19 stones (quivered)
Armour
 b - a +1 robe (worn)
Jewellery
 e - a cursed -2 ring of dexterity {unknown}
Scrolls
 f - a scroll of immolation {unknown}
 g - a scroll of blinking {unknown}
 h - a scroll of fear {unknown}
Books
 c - a book of Maledictions

   Spells                             Type                      Level
   a - Corona                         Hexes                        1
   b - Ensorcelled Hibernation        Hexes/Ice                    2
   c - Confuse                        Hexes                        3
   d - Tukima's Dance                 Hexes                        3
   e - Dazzling Spray                 Conjuration/Hexes            3


   Skills:
 - Level 0.7 Short Blades
 - Level 1.5 Dodging
 - Level 2.4 Stealth
 - Level 2.0 Spellcasting
 + Level 3.6 Hexes
 + Level 0.2 Ice Magic


You had 2 spell levels left.
You knew the following spells:

 Your Spells              Type           Power        Failure   Level  Hunger
a - Corona                Hex            ##.....      6%          1    N/A
b - Ensorcelled Hibernat  Hex/Ice        #.....       21%         2    N/A

Dungeon Overview and Level Annotations

Branches:
Dungeon (2/15)

Altars:

Annotations:
D:2 Terence


Innate Abilities, Weirdness & Mutations

You do not eat or drink.
Your flesh is vulnerable to fire.
You are immune to poison.
Your flesh is cold resistant. (rC+)
You are immune to negative energy. (rN+++)
You are immune to unholy pain and torment.
You can survive without breathing.


Message History

Aim: an adder (chance to defeat MR: 55%)
The adder is outlined in light.
The adder bites you but does no damage. The adder barely misses you.
You hit the adder.
The adder is lightly wounded.
The adder misses you.
You closely miss the adder.
The adder is lightly wounded.
The adder closely misses you.
You hit the adder.
The adder is moderately wounded.
The adder closely misses you. The adder bites you.
* * * LOW HITPOINT WARNING * * *
You barely miss the adder.
The adder is moderately wounded.
The adder closely misses you.
You hit the adder.
The adder is heavily wounded.
The adder bites you.
You die...

############## ####
#............# ##...
#.#######.##.#####.###
#.# #.#........# # #.#
#####.#..###...### #.#
#........# ##..... #.#
#.###.##.# ##.### #.#
#@# #.##.# #.#
#.###S###.##.# #.#
#....).......# ##'##
#####.######## ##...##
#...### ##.....#
#.#.#.## ##.......
#......####........
###.......+...)....
#....####........


You could see an adder.

Vanquished Creatures
  A leopard gecko (D:1)
  A giant cockroach (D:1)
  4 goblins (D:1)
  8 hobgoblins
  3 bats
  3 frilled lizards (D:1)
  3 kobolds
  2 rats (D:1)
25 creatures vanquished.

Notes
Turn   | Place    | Note
-------+----------+-------------------------------------------
     0 | D:1      | strmesko the Mummy Enchanter began the quest for the Orb.
     0 | D:1      | Reached XP level 1. HP: 13/13 MP: 3/3
   211 | D:1      | Reached skill level 3 in Hexes
   434 | D:1      | Reached XP level 2. HP: 5/19 MP: 1/5
   670 | D:1      | Learned a level 2 spell: Ensorcelled Hibernation
  1648 | D:2      | Noticed Terence
  1661 | D:1      | Slain by an adder

Skill      XL: |  1 |
---------------+----+-----
Hexes          | 3 |  3.6
Short Blades   | |  0.7
Dodging        | |  1.5
Stealth        | |  2.4
Spellcasting   | |  2.0
Ice Magic      | |  0.2

Action                   || total
-------------------------++-------
Melee: Dagger            ||    76
Throw: Stone             ||     3
 Cast: Corona            ||    11
       Ensorcelled Hiber ||    14
 Stab: Sleeping          ||    11
Armor: Robe              ||    16
Dodge: Dodged            ||    58
